 Dungeon Crawl Stone Soup version 0.31-a0-75-g6fe912e8c5 (webtiles) character file.

Game seed: 15426677538812295819

4405 Barriton the Destroyer (level 10, -10/78 HPs)
             Began as a Yellow Draconian Conjurer on May 23, 2023.
             Mangled by a two-headed ogre
             ... wielding a +0 giant club
              (20 damage)
             ... on level 9 of the Dungeon.
             The game lasted 00:17:49 (9781 turns).

Barriton the Destroyer (Yellow Draconian Conjurer)  Turns: 9781, Time: 00:17:50

Health: -10/78     AC:  9    Str: 10    XL:     10   Next: 14%
Magic:  19/23      EV: 12    Int: 27    God:
Gold:   362        SH:  0    Dex:  9    Spells: 15/27 levels left

rFire   . . .        y - staff of conjuration "Takaix" {Fragile Will+ rCorr Int+4}
rCold   + . .        (no shield)
rNeg    . . .        (body armour unavailable)
rPois   .            (helmet restricted)
rElec   .            (no cloak)
rCorr   +            e - +1 pair of gloves
SInv    .            (no boots)
Will    +....        f - amulet of magic regeneration
Stlth   ++           h - ring of protection from cold
HPRegen 0.33/turn    u - ring of wizardry
MPRegen 0.58/turn

%: clarity, wizardry (x1)
@: flying
A: spit acid, AC +7, unfitting armour, cold-blooded, acid resistance, big wings,
clarity, wild magic 1
a: Breathe Acid


You were on level 9 of the Dungeon.
You visited 1 branch of the dungeon, and saw 9 of its levels.

You collected 362 gold pieces.

Inventory:

Armour
 e - a +1 pair of gloves (worn)
Magical Staves
 b - a staff of poison
 y - the staff of conjuration "Takaix" (weapon) {Fragile Will+ rCorr Int+4}
   (You acquired it on level 8 of the Dungeon)

   [staff of conjuration]

   Base accuracy: +5 Base damage: 5 Base attack delay: 1.2 This weapon's minimum
   attack delay (0.6) is reached at skill level 12.
   Int:       It affects your intelligence (+4).
   rCorr:     It protects you from acid and corrosion.
   Fragile:   It will be destroyed if unequipped.
   Will:      It increases your willpower.
   It falls into the 'Staves' category.
   It is a one-handed weapon.
Jewellery
 f - an amulet of magic regeneration (around neck)
 h - a ring of protection from cold (left hand)
 o - an amulet of regeneration
 u - a ring of wizardry (right hand)
 w - an amulet of reflection
 B - a +4 ring of protection
Wands
 n - a wand of acid (5)
 r - a wand of digging (7)
 t - a wand of paralysis (6)
Scrolls
 c - a scroll of teleportation
 m - 2 scrolls of fear
 v - a scroll of butterflies
 x - a scroll of poison
 A - a scroll of magic mapping {unknown}
Potions
 a - a potion of magic
 g - 6 potions of curing
 i - 2 potions of resistance
 j - a potion of attraction
 k - a potion of ambrosia
 l - 2 potions of enlightenment
 p - a potion of invisibility
 q - a potion of berserk rage {unknown}
 s - a potion of lignification {unknown}
 z - a potion of brilliance {unknown}


   Skills:
 + Level 3.8 Fighting
 + Level 3.8 Dodging
 + Level 4.1 Stealth
 + Level 0.9 Unarmed Combat
 + Level 9.2 Spellcasting
 + Level 9.6 Conjurations
 + Level 1.3 Translocations
 + Level 0.9 Earth Magic


You had 15 spell levels left.
You knew the following spells:

 Your Spells              Type           Power      Damage    Failure   Level
a - Magic Dart            Conj           100%       1d8       1%          1
b - Searing Ray           Conj           100%       2d8       1%          2
c - Blink                 Tloc           50%        N/A       2%          2
d - Stone Arrow           Conj/Erth      100%       3d13      1%          3
e - Iskenderun's Mystic   Conj/Tloc      63%        2d13      4%          4

Your spell library contained the following spells:

 Spells                   Type           Power      Damage    Failure   Level
 Sandblast                Erth           44%        2d11      2%          1
 Dazzling Flash           Conj/Hex       100%       N/A       2%          3
 Passwall                 Tmut/Erth      9%         N/A       6%          2
 Fulminant Prism          Conj/Hex       29%        3d14      6%          4
 Manifold Assault         Tloc           25%        N/A       14%         4
 Storm Form               Tmut/Air       4%         N/A       100%        7


Dungeon Overview and Level Annotations

Branches:
Dungeon (9/15)             Temple (0/1) D:6
   Lair: D:8-11         Orc: D:9-12

Altars:
Dithmenos
Fedhas
Makhleb
Ru
Wu Jian
Zin

Shops:
D:1 (   D:3 *

Annotations:
D:6 2 runed translucent doors, mopl's ghost, novice OpBr


Innate Abilities, Weirdness & Mutations

You can spit globs of acid.
Your golden yellow scales are hard. (AC +7)
You cannot fit into any form of body armour.
You are cold-blooded and may be slowed by cold attacks.
You are resistant to acid. (rCorr)
Your large and strong wings let you fly.
You possess an exceptional clarity of mind.
Your spells are a little harder to cast, but a little more powerful.


Message History

The centaur barely misses you. The centaur completely misses you.
The centaur hits you but does no damage.
The centaur barely misses you.
The searing ray hits the two-headed ogre!
The two-headed ogre is heavily wounded.
You finish channelling your searing ray.
The two-headed ogre hits you with a +0 giant club.
The two-headed ogre hits you with a +0 giant club!
The centaur hits you but does no damage.
The centaur barely misses you. The centaur closely misses you.
The centaur completely misses you. The centaur hits you.
The centaur barely misses you. The two-headed ogre closely misses you.
The two-headed ogre hits you with a +0 giant club!
Casting: Searing Ray (safe; 1% risk of failure)
Confirm with . or Enter, or press ? or * to list all spells.
Aiming: Searing Ray (safe; 1% risk of failure)
Press: ? - help, Shift-Dir - straight line, f/p - two-headed ogre
Aim: a two-headed ogre, wielding two +0 giant clubs (heavily wounded, 92% to hit)
You feel a surge of power!
The searing ray hits the two-headed ogre.
The two-headed ogre is severely wounded. (Press . to maintain the ray.)
The centaur barely misses you. The centaur kicks you.
The searing ray hits the two-headed ogre.
The two-headed ogre is severely wounded.
The centaur hits you.
* * * LOW HITPOINT WARNING * * *
The centaur kicks you but does no damage.
The two-headed ogre barely misses you.
The two-headed ogre hits you with a +0 giant club!!
* * * LOW HITPOINT WARNING * * *
The centaur barely misses you. The centaur closely misses you.
You feel better.
The centaur hits you but does no damage.
The centaur barely misses you.
The two-headed ogre hits you with a +0 giant club.
* * * LOW HITPOINT WARNING * * *
The two-headed ogre hits you with a +0 giant club!!
You die...

.....
#....#.....#..#.....#
#+#..
#..###.....#..#.....# #.
#..#.......#..#.....# #.
#..'.......#..#.....# .
#..#......##..'.....#
...###..#......#...#######
........########.......>..
#####.....................
#.....O@..###.........
#.....c...# #.........
#.........# #.........
#####.....# #.........
#.....# #########. #######


You could see a two-headed ogre and a centaur.

Vanquished Creatures
  Joseph (D:8)
  A kobold demonologist (D:8)
  2 water moccasins
  An orc warrior (D:8)
  2 sky beasts
  An ice beast (D:6)
  3 black bears
  An ogre (D:5)
  2 centaurs
  A phantom (D:6)
  A kobold brigand (D:7)
  7 bullfrogs
  4 scorpions
  A gnoll sergeant (D:7)
  11 wights
  6 killer bees
  A howler monkey (D:4)
  4 jellies
  6 hounds
  3 orc priests
  3 iguanas
  2 sleepcaps
  5 orc wizards
  11 gnolls
  7 adders
  A shadow imp (D:6)
  2 white imps
  A worm (D:3)
  8 dart slugs
  21 orcs
  7 ball pythons
  5 endoplasms
  4 giant cockroaches
  10 goblins
  6 hobgoblins
  5 quokkas
  3 bats
  6 frilled lizards
  13 kobolds
  4 rats
183 creatures vanquished.

Notes
Turn   | Place    | Note
-------+----------+-------------------------------------------
     0 | D:1      | Barriton the Draconian Conjurer began the quest for the
                  | Orb.
     0 | D:1      | Reached XP level 1. HP: 14/14 MP: 3/3
   199 | D:1      | Found a faded altar of an unknown god.
   254 | D:1      | Reached XP level 2. HP: 15/20 MP: 1/5
   258 | D:1      | Learned a level 2 spell: Searing Ray
   621 | D:1      | Found Haiv's Antique Weapon Shoppe.
  1208 | D:1      | Reached XP level 3. HP: 22/26 MP: 1/6
  2850 | D:3      | Found an ornate altar of the Wu Jian Council.
  2864 | D:3      | Reached XP level 4. HP: 28/33 MP: 1/8
  3010 | D:3      | Found a blossoming altar of Fedhas.
  3169 | D:3      | Found Ykuoj's General Store.
  3440 | D:3      | Found a sacrificial altar of Ru.
  3881 | D:3      | Gained mutation: Potions are less effective at restoring
                  | your health. [potion of mutation]
  3881 | D:3      | Gained mutation: You possess an exceptional clarity of
                  | mind. [potion of mutation]
  3881 | D:3      | Gained mutation: You expend magic power (3 MP) to
                  | strengthen your wands. [potion of mutation]
  3987 | D:4      | Noticed a black bear
  3994 | D:4      | Killed a black bear
  3995 | D:4      | Reached skill level 5 in Conjurations
  3995 | D:4      | Reached XP level 5. HP: 37/38 MP: 5/10
  4054 | D:4      | Found a burning altar of Makhleb.
  4067 | D:4      | Reached XP level 6. HP: 45/45 MP: 9/12
  4560 | D:4      | Found a glowing silver altar of Zin.
  4714 | D:5      | Entered Level 5 of the Dungeon
  5036 | D:5      | Reached skill level 5 in Spellcasting
  5036 | D:5      | Your scales start taking on a golden yellow colour.
  5036 | D:5      | Reached XP level 7. HP: 50/50 MP: 8/14
  5036 | D:5      | Gained mutation: You are resistant to acid. (rCorr) [Yellow
                  | Draconian growth]
  5066 | D:5      | Found a shadowy altar of Dithmenos.
  5544 | D:5      | Reached XP level 8. HP: 57/57 MP: 11/17
  5817 | D:4      | Lost mutation: You expend magic power (3 MP) to strengthen
                  | your wands. [potion of mutation]
  5817 | D:4      | Lost mutation: Potions are less effective at restoring your
                  | health. [potion of mutation]
  5817 | D:4      | Gained mutation: Your spells are a little harder to cast,
                  | but a little more powerful. [potion of mutation]
  5817 | D:4      | Gained mutation: Your large and strong wings let you fly.
                  | [potion of mutation]
  5918 | D:6      | Learned a level 2 spell: Blink
  6143 | D:6      | Found a staircase to the Ecumenical Temple.
  6624 | D:6      | Found a large runed translucent door.
  6626 | D:6      | Found a large runed translucent door.
  6628 | D:6      | Noticed mopl's ghost (novice OpBr)
  7282 | D:7      | Reached XP level 9. HP: 63/63 MP: 16/20
  7307 | D:7      | Reached skill level 1 in Fighting
  7627 | D:7      | Reached skill level 1 in Translocations
  8033 | D:8      | Learned a level 3 spell: Stone Arrow
  8337 | D:8      | Noticed a kobold demonologist
  8342 | D:8      | Noticed a rust devil
  8343 | D:8      | Noticed a sun demon
  8345 | D:8      | Noticed a hellwing
  8345 | D:8      | Killed a kobold demonologist
  8667 | D:8      | Reached XP level 10. HP: 78/78 MP: 16/23
  9008 | D:8      | Noticed Joseph
  9023 | D:8      | Killed Joseph
  9200 | D:8      | Identified a scroll of acquirement
  9200 | D:8      | Acquired the staff of conjuration "Takaix" {Fragile Will+
                  | rCorr Int+4}
  9208 | D:8      | Learned a level 4 spell: Iskenderun's Mystic Blast
  9295 | D:9      | Noticed a two-headed ogre
  9781 | D:9      | Mangled by a two-headed ogre

Illustrated notes

Levels and vault maps discovered:
D:1:      mrwooster_arrival_statue, layout_loops_corners,
          hellmonk_ecumenical_altar_arch_garden, serial_shops,
          nicolae_shop_back_alley_shop, chequers_big_river
D:2:      layout_loops_corners, serial_forest, infiniplex_forest_clump_double,
          infiniplex_forest_clump_medium, infiniplex_forest_straight_5,
          infiniplex_forest_join, infiniplex_forest_zigzag_1,
          infiniplex_forest_end_double, infiniplex_forest_zigzag_1,
          chequers_serial_rivers_small_b
D:3:      layout_basic, lemuel_doored_altar, lemuel_crystal_altar,
          mainiacjoe_overflow_six_doors_small, serial_shops,
          nicolae_shop_temple_entry_statues_fountains
D:4:      layout_loops_ring, overflow_temple_1_default, kennysheep_mini,
          dreamdust_princess_corridor, skrybe_limestone_x
D:5:      layout_loops_corners, grunt_dithmenos_smoke_and_mirrors,
          nicolae_ossuary_entry_plus, minmay_checkerbox
D:6:      layout_basic, minmay_temple_entry_trees, ebering_ghost_disaster_area,
          dreamdust_gnoll_farm
D:7:      layout_loops_ring
D:8:      layout_gridville, chequers_mini_garden, corexii_corridor_pit,
          uniq_joseph
D:9:      layout_irregular_city, kb_xom_exploding_sheep,
          nicolae_elyvilon_peaceful_grove, lair_entry_dummy, uniq_pikel

Skill      XL: |  1  2  3  4  5  6  7  8  9 |
---------------+----------------------------+-----
Dodging        | 2 3 |  3.8
Stealth        | 2 3 4 |  4.1
Spellcasting   | 3 4 5 6 7 9 |  9.2
Conjurations   | 5 6 8 9 |  9.6
Fighting       | 3 |  3.8
Translocations | 1 |  1.3
Unarmed Combat | |  0.9
Earth Magic    | |  0.9

Action                     |  1- 3 |  4- 6 |  7- 9 | 10-12 || total
---------------------------+-------+-------+-------+-------++-------
  Melee: Unarmed           |    46 |       |       |       ||    46
         Tailslap          |     8 |       |       |       ||     8
         Punch             |     1 |       |       |       ||     1
   Cast: Magic Dart        |    88 |   101 |   134 |    11 ||   334
         Searing Ray       |     1 |     9 |    60 |     3 ||    73
         Blink             |       |       |     2 |     7 ||     9
         Stone Arrow       |       |       |     4 |    12 ||    16
         Iskenderun's Myst |       |       |       |     4 ||     4
    Use: Scroll            |     6 |     5 |     6 |     1 ||    18
         Potion            |       |     1 |     2 |     6 ||     9
 Armour: Skin              |    19 |     4 |    44 |    21 ||    88
  Dodge: Dodged            |    41 |    19 |    91 |    50 ||   201

Table legend: (Time is in decaauts)
 A = Elapsed time spent in this place.
 B = Non-inter-level travel time spent in this place.
 C = Inter-level travel time spent in this place.
 D = Time resting spent in this place.
 E = Time spent auto-exploring this place.
 F = Levels seen in this place.
 G = Mean time per level.
                   A        B        C        D        E       F      G
               +--------+--------+--------+--------+--------+-----+--------+
         Total |   9796 |   9406 |    390 |      0 |   8271 |   9 | 1088.4 |
       Dungeon |   9796 |   9406 |    390 |      0 |   8271 |   9 | 1088.4 |
               +--------+--------+--------+--------+--------+-----+--------+

Top non-repeatable levels by time:
     D:8: 1630 daAuts
     D:1: 1568 daAuts
     D:2: 1226 daAuts
     D:6: 1210 daAuts
     D:3: 1139 daAuts
     D:5: 1107 daAuts
     D:7: 867 daAuts
     D:4: 864 daAuts
     D:9: 181 daAuts
